 Dungeon Crawl Stone Soup version 0.31.0-7-gf635a9b802 (webtiles) character file.

Game seed: 2807456796370867695

2058 solopath the Grappler (level 9, -6/85 HPs)
             Began as a Troll Fighter on Jan 24, 2024.
             Was an Elder of Wu Jian.
             Mangled by a wyvern (17 damage)
             ... on level 7 of the Dungeon.
             The game lasted 00:07:58 (4494 turns).

solopath the Grappler (Troll Fighter)               Turns: 4494, Time: 00:07:58

Health: -6/85      AC:  6    Str: 28      XL:     9   Next: 5%
Magic:  8/8        EV:  9    Int: 10      God:    Wu Jian [****..]
Gold:   246        SH:  9    Dex: 10 (11) Spells: 8/8 levels left

rFire   . .          .
                       - Unarmed
rCold   . . .        b - +0 kite shield
rNeg    + . .        u - +2 robe
rPois   .            (helmet restricted)
rElec   .            (no cloak)
rCorr   .            (gloves unavailable)
SInv    .            (boots unavailable)
Will    .....        n - amulet of regeneration
Stlth   +            k - +6 ring of intelligence
HPRegen 1.94/turn    y - ring of positive energy
MPRegen 0.11/turn

%: no passive effects
@: lethally poisoned (-6 -> -6)
A: large, unfitting armour, claws 3, regeneration 1, shaggy fur 1, tough skin 1
a: Renounce Religion, Wall Jump, Serpent's Lash


You were on level 7 of the Dungeon.
You worshipped Wu Jian.
Wu Jian was greatly pleased with you.
You visited 1 branch of the dungeon, and saw 7 of its levels.
You also visited: Ossuary.

You collected 411 gold pieces.
You spent 165 gold pieces at shops.

Inventory:

Missiles
 z - 5 datura-tipped darts (quivered)
Armour
 b - a +0 kite shield (worn)
 u - a +2 robe (worn)
Jewellery
 k - a +6 ring of intelligence (left claw)
 n - an amulet of regeneration (around neck)
 y - a ring of positive energy (right claw)
Wands
 x - a wand of polymorph (9)
 A - a wand of iceblast (6)
Scrolls
 a - a scroll of brand weapon
 d - 3 scrolls of identify
 f - 5 scrolls of teleportation
 h - 2 scrolls of enchant weapon
 l - a scroll of vulnerability
 m - 2 scrolls of revelation
 s - a scroll of butterflies
 t - a scroll of amnesia
 v - a scroll of enchant armour
Potions
 c - 2 potions of might
 e - a potion of attraction
 g - a potion of curing
 i - 4 potions of enlightenment
 j - a potion of magic
 o - a potion of cancellation
 p - a potion of haste
 q - 2 potions of heal wounds
 r - a potion of brilliance


   Skills:
 + Level 4.6 Fighting
 - Level 2.4 Dodging
 + Level 6.3 Shields
 * Level 9.1 Unarmed Combat


You had 8 spell levels left.
You didn't know any spells.
Your spell library was empty.

Dungeon Overview and Level Annotations

Branches:
Dungeon (7/15)             Temple (0/1) D:6         Ossuary (visited)

Altars:
Wu Jian
Xom

Shops:
D:3 [


Innate Abilities, Weirdness & Mutations

You are too large for most types of armour.
You have claws for hands.
Your natural rate of healing is unusually fast.
You are covered in fur. (AC +1)
You have tough skin. (AC +1)


Message History

The wyvern is severely wounded.
You spin and attack the kobold.
You mangle the kobold!!
You kill the kobold!
The Council accepts your kill.
You feel sick. The killer bee stings you!
The wyvern bites you but does no damage.
The white imp picks up a beetle and eats it.
You block the killer bee's attack. The wyvern bites you!
You spin and attack the killer bee repeatedly.
You barely miss the killer bee.
You scratch the killer bee but do no damage.
You spin and attack the wyvern.
You closely miss the wyvern.
The wyvern is severely wounded.
You spin and attack the kobold.
You scratch the kobold.
You kill the kobold!
The Council accepts your kill.
You feel sick. The killer bee stings you!
* * * LOW HITPOINT WARNING * * *
You are more poisoned.
The killer bee poisons you! The white imp gestures at you.
The puff of frost hits you.
* * * LOW HITPOINT WARNING * * *
You block the wyvern's attack. The killer bee barely misses you.
Unknown command.
Unknown command.
You spin and attack the killer bee.
You claw the killer bee!
You kill the killer bee!
The Council accepts your kill.
You feel sick. The wyvern bites you.
* * * LOW HITPOINT WARNING * * *
You feel your intelligence returning.
Items here: ( ))) ††.
Unknown command.
You feel sick. The wyvern attacks as it pursues you! The wyvern bites you.
* * * LOW HITPOINT WARNING * * *
There is a stone staircase leading up, spattered with blood here.
Unknown command.
You feel sick. The wyvern bites you!
You die...

## ..# #
#.# ##.
#.###.#
#.#..#
#.#.####...
#.@)......
#(k####...
#5.# #.$#
#..# #...
.....
##..###
...#


You could see a wyvern and a white imp.

Vanquished Creatures
  Menkaure (Ossuary)
  The ghost of LoggersVIII the Sneak, an amateur OpEE (D:4)
  A water moccasin (D:5)
  2 ice beasts
  An orc warrior (D:3)
  2 ogres
  A phantom (D:5)
  A kobold brigand (D:6)
  4 scorpions
  3 killer bees
  3 bombardier beetles
  5 hounds
  A jelly (D:4)
  A sleepcap (D:5)
  2 iguanas
  Ijyb (D:4)
  4 orc wizards
  3 mummies (Ossuary)
  Robin (D:3)
  9 adders
  4 ufetubi
  4 dart slugs
  14 orcs
  4 bats
  6 endoplasms
  3 giant cockroaches
  4 gnoll zombies (Ossuary)
  14 goblins
  15 hobgoblins
  3 jackals (D:2)
  12 kobolds
  3 quokkas
  5 ball pythons
  4 gnoll skeletons (Ossuary)
  4 goblin skeletons (Ossuary)
  5 goblin zombies (Ossuary)
  4 hobgoblin skeletons (Ossuary)
  5 hobgoblin zombies (Ossuary)
  5 kobold skeletons (Ossuary)
  2 kobold zombies (Ossuary)
  3 orc skeletons (Ossuary)
  8 orc zombies (Ossuary)
  6 rats
  5 rat skeletons (Ossuary)
  A rat zombie (Ossuary)
190 creatures vanquished.

Notes
Turn   | Place    | Note
-------+----------+-------------------------------------------
     0 | D:1      | solopath the Troll Fighter began the quest for the Orb.
     0 | D:1      | Reached XP level 1. HP: 22/22 MP: 0/0
   143 | D:1      | Found a faded altar of an unknown god.
   170 | D:1      | Reached XP level 2. HP: 25/29 MP: 1/1
   179 | D:1      | Prayed at the altar of an unknown god.
   179 | D:1      | Became a worshipper of the Wu Jian Council
   179 | D:1      | Reached * piety under Wu Jian
   581 | D:1      | Reached skill level 3 in Unarmed Combat
   640 | D:1      | Reached XP level 3. HP: 36/36 MP: 2/2
   841 | D:2      | Reached ** piety under Wu Jian
  1086 | D:2      | Reached XP level 4. HP: 44/44 MP: 3/3
  1385 | D:2      | Reached skill level 4 in Unarmed Combat
  1750 | D:3      | Found Xoitang's Armour Emporium.
  1760 | D:3      | Bought a +2 robe for 165 gold pieces
  1854 | D:3      | Noticed Robin
  1879 | D:3      | Killed Robin
  2145 | D:4      | Reached *** piety under Wu Jian
  2146 | D:4      | Reached XP level 5. HP: 45/50 MP: 4/4
  2166 | D:4      | Found a large runed translucent door.
  2166 | D:4      | Found a large runed translucent door.
  2168 | D:4      | Noticed LoggersVIII's ghost (amateur OpEE)
  2179 | D:4      | Killed LoggersVIII's ghost
  2179 | D:4      | Reached skill level 5 in Unarmed Combat
  2219 | D:4      | Reached XP level 6. HP: 59/59 MP: 5/5
  2224 | D:4      | Noticed Ijyb
  2249 | D:4      | Killed Ijyb
  2341 | D:4      | Noticed an orc warrior
  2394 | D:3      | Killed an orc warrior
  2395 | D:3      | Reached skill level 6 in Unarmed Combat
  2500 | D:4      | Reached XP level 7. HP: 66/66 MP: 6/6
  2753 | D:5      | Entered Level 5 of the Dungeon
  2809 | D:5      | Reached skill level 5 in Shields
  2839 | D:5      | Reached skill level 7 in Unarmed Combat
  3019 | D:5      | Reached XP level 8. HP: 75/75 MP: 7/7
  3351 | D:5      | Found an ornate altar of the Wu Jian Council.
  3359 | D:5      | Reached skill level 8 in Unarmed Combat
  3363 | D:5      | Found a shimmering altar of Xom.
  3495 | D:6      | Found a staircase to the Ecumenical Temple.
  3677 | D:6      | Reached **** piety under Wu Jian
  4087 | D:7      | Noticed a boulder beetle
  4092 | D:7      | Found a sand-covered staircase.
  4102 | Ossuary  | Entered an ossuary
  4355 | Ossuary  | Noticed Menkaure
  4365 | Ossuary  | Killed Menkaure
  4478 | D:6      | Reached skill level 9 in Unarmed Combat
  4489 | D:7      | Reached XP level 9. HP: 50/85 MP: 8/8
  4494 | D:7      | Mangled by a wyvern

Illustrated notes

Levels and vault maps discovered:
D:1:      lemuel_arrival_hallway, layout_basic, ebering_ecumenical_altar_hall,
          minmay_misc_feat_hallway, minmay_vboxes
D:2:      layout_basic
D:3:      layout_basic, serial_shops, nicolae_shop_peninsula, uniq_robin
D:4:      layout_basic, ebering_ghost_disaster_area, st_stairs_7, uniq_ijyb
D:5:      layout_rooms, jmf_multi_god_temple2, serial_curves, eino_curves_03,
          eino_curves_03, hangedman_glass_teeth, kennysheep_small_circle
D:6:      layout_gridville, minmay_temple_entry_tees
D:7:      layout_loops_ring, nicolae_ossuary_entry_monument, serial_shops, shop,
          st_stairs_11, uniq_pikel

Skill      XL: |  1  2  3  4  5  6  7  8 |
---------------+-------------------------+-----
Shields        | 3 4 5 6 |  6.3
Unarmed Combat | 3 4 5 6 7 9 |  9.1
Fighting       | 3 4 |  4.6
Dodging        | |  2.4

Action                     |  1- 3 |  4- 6 |  7- 9 || total
---------------------------+-------+-------+-------++-------
  Melee: Unarmed           |    83 |   182 |   292 ||   557
 Invoke: Serpent's Lash    |       |     2 |     3 ||     5
Ability: Lunge             |     6 |    16 |    34 ||    56
         Whirlwind         |       |    43 |    54 ||    97
         Wall Jump         |       |     2 |     1 ||     3
    Use: Potion            |       |     1 |     5 ||     6
         Scroll            |       |       |    14 ||    14
   Stab: Sleeping          |       |     2 |       ||     2
 Armour: Robe              |    45 |    89 |   138 ||   272
         Skin              |       |     3 |       ||     3
  Dodge: Dodged            |    23 |    70 |    74 ||   167
  Block: Kite shield       |    36 |    72 |    92 ||   200
